 Dungeon Crawl Stone Soup version 0.23-a0-488-g5fd82c5 (webtiles) character file.

212 JeffiDaFish the Grave Robber (level 5, -5/28 HPs)
             Began as a Deep Elf Necromancer on Dec 2, 2018.
             Killed by nerve-wracking pain
             ... invoked by Grinder
              (13 damage)
             ... on level 3 of the Dungeon.
             The game lasted 00:06:57 (2956 turns).

JeffiDaFish the Grave Robber (Deep Elf Necromancer) Turns: 2956, Time: 00:06:57

Health: -5/28      AC:  5    Str:  5    XL:     5   Next: 58%
Magic:  10/13      EV: 14    Int: 21    God:
Gold:   131        SH:  0    Dex: 15    Spells: 6/13 levels left

rFire    x . .     SeeInvis .   e - +0 dagger
rCold    + . .     Gourm    .   (no shield)
rNeg     . . .     Faith    .   a - +0 robe
rPois    +         Spirit   .   (no helmet)
rElec    .         Reflect  .   l - +0 cloak
rCorr    .         Harm     .   (no gloves)
MR       .....                  i - +1 pair of boots (curse)
Stlth    ++........             (no amulet)
HPRegen  1.09/turn              d - ring of poison resistance
MPRegen  0.13/turn              f - ring of ice

@: regenerating
A: no striking features
a: no special abilities


You were on level 3 of the Dungeon.
You were not hungry.

You visited 1 branch of the dungeon, and saw 3 of its levels.

You collected 131 gold pieces.

Inventory:

Hand Weapons
 e - a +0 dagger (weapon)
Armour
 a - a +0 robe (worn)
 i - a cursed +1 pair of boots (worn)
 l - a +0 cloak (worn)
Jewellery
 d - a ring of poison resistance (left hand)
 f - a ring of ice (right hand)
 m - an uncursed amulet of magic regeneration {unknown}
 n - a +3 ring of protection {unknown}
Scrolls
 b - a scroll of amnesia
 g - 2 scrolls of teleportation
Potions
 h - a potion of flight
 j - 5 potions of curing
Comestibles
 c - 4 rations
 k - 3 chunks of flesh


   Skills:
 + Level 4.0 Dodging
 - Level 3.0 Stealth
 + Level 4.5 Spellcasting
 * Level 6.7 Necromancy


You had 6 spell levels left.
You knew the following spells:

 Your Spells              Type           Power        Failure   Level  Hunger
a - Pain                  Necr           ####         1%          1    None
b - Regeneration          Chrm/Necr      ###.......   9%          3    ##.....
c - Vampiric Draining     Necr           ####......   2%          3    ##.....

Your spell library contained the following spells:

 Spells                   Type           Power        Failure   Level  Hunger
 Animate Skeleton         Necr           N/A          1%          1    None
 Animate Dead             Necr           N/A          7%          4    ####...
 Passwall                 Tmut/Erth      #.......     17%         2    #......
 Swiftness                Chrm/Air       #.......     17%         2    #......
 Passage of Golubria      Tloc           N/A          75%         4    ####...
 Lee's Rapid Deconstruct  Erth           #.........   97%         5    ######.
 Darkness                 Hex            #.........   100%        6    #######
 Invisibility             Hex            #.......     100%        6    #######


Dungeon Overview and Level Annotations

Branches:
Dungeon (3/15)

Altars:

Annotations:
D:3 Grinder, Sigmund


Message History

Casting: Vampiric Draining (safe; 2% risk of failure)
Confirm with . or Enter, or press ? or * to list all spells.
Your skin crawls.
Grinder says, "Are you a fish?" Grinder barely misses you.
You hit Grinder but do no damage.
Grinder is lightly wounded.
Grinder hits you!
* * * LOW HITPOINT WARNING * * *
You writhe in agony.
* * * LOW HITPOINT WARNING * * *
You closely miss Grinder.
Grinder is lightly wounded.
Grinder gestures at you. You resist with significant effort.
You hit Grinder.
Grinder is moderately wounded.
Grinder gestures at you. Pain shoots through your body!
You die...

. ## #####.# #..
.....# #.. #...#
#..#####=..#
#......#...#######
#.................
#.@......########
#(#5##)##.........##.
#>.g.................
###.#####..........#.
#.#####..........#
#.#..........#...#
#.#......)...#...#
#.#..........#####
#..........#


You could see Grinder and a goblin.

Vanquished Creatures
  Crazy Yiuf (D:2)
  2 orc wizards (D:3)
  Terence (D:3)
  4 adders
  3 worms
  2 dart slugs (D:2)
  2 leopard geckos
  An orc (D:3)
  2 ball pythons
  3 bats
  4 giant cockroaches
  7 hobgoblins
  A quokka (D:2)
  3 frilled lizards
  8 goblins
  6 kobolds
  3 rats
  A plant (D:2)
54 creatures vanquished.

Notes
Turn   | Place    | Note
-------+----------+-------------------------------------------
     0 | D:1      | JeffiDaFish the Deep Elf Necromancer began the quest for
                  | the Orb.
     0 | D:1      | Reached XP level 1. HP: 10/10 MP: 6/6
   276 | D:1      | Reached skill level 5 in Necromancy
   615 | D:1      | Reached XP level 2. HP: 15/15 MP: 6/8
  1226 | D:2      | Reached XP level 3. HP: 11/19 MP: 6/9
  1256 | D:2      | Learned a level 3 spell: Regeneration
  1296 | D:2      | Learned a level 3 spell: Vampiric Draining
  1522 | D:2      | Found a runed door.
  1526 | D:2      | Noticed Crazy Yiuf
  1532 | D:2      | Killed Crazy Yiuf
  1532 | D:2      | Reached XP level 4. HP: 13/24 MP: 4/11
  1697 | D:2      | Reached skill level 6 in Necromancy
  1892 | D:3      | Reached XP level 5. HP: 16/28 MP: 1/13
  1892 | D:3      | Noticed Sigmund
  2345 | D:3      | Noticed Terence
  2355 | D:3      | Killed Terence
  2944 | D:3      | Noticed Grinder
  2956 | D:3      | Killed from afar by Grinder

Vault maps used:
D:1:      mrwooster_arrival_arrow
D:2:      serial_forest, infiniplex_forest_side_room,
          infiniplex_forest_lined_ring, infiniplex_forest_end_double,
          infiniplex_forest_lined_2, infiniplex_forest_clump_diagonal,
          infiniplex_forest_end_2, infiniplex_forest_lined_ring,
          uniq_crazy_yiuf_cottage
D:3:      uniq_grinder, uniq_terence, uniq_sigmund, uniq_robin

Skill      XL: |  1  2  3  4  5 |
---------------+----------------+-----
Necromancy     | 5 6 |  6.7
Stealth        | 3 |  3.0
Dodging        | 3 4 |  4.0
Spellcasting   | 4 |  4.5

Action                   |  1- 3 |  4- 6 || total
-------------------------+-------+-------++-------
Melee: Dagger            |    19 |   307 ||   326
 Cast: Pain              |    47 |    31 ||    78
       Vampiric Draining |     2 |     8 ||    10
       Regeneration      |       |     2 ||     2
  Use: Scroll            |     5 |     1 ||     6
       Potion            |     3 |     1 ||     4
 Stab: Sleeping          |     1 |     5 ||     6
  Eat: Chunk             |     2 |     2 ||     4
       Ration            |       |     1 ||     1
Armor: Robe              |     5 |    13 ||    18
Dodge: Dodged            |    23 |    59 ||    82

Table legend:
 A = Non-vault XP
 B = Vault XP
 C = Vault XP percentage of total XP
 D = Non-vault monster count
 E = Vault monster count
 F = Vault count percentage of total count
                 A         B        C        D         E       F
            +---------+---------+-------+---------+---------+-------
      Total |     227 |      77 |  25.3 |      51 |       2 |   3.8
            +---------+---------+-------+---------+---------+-------
        D:1 |      34 |       0 |   0.0 |      20 |       0 |   0.0
        D:2 |      69 |      41 |  37.3 |      21 |       1 |   4.5
        D:3 |     124 |      36 |  22.5 |      10 |       1 |   9.1
            +---------+---------+-------+---------+---------+-------
